Workbook

Sheet Feuil1
A1: CODE POSTAL | B1: Ville | C1: Num Departement | D1: Nom Département | E1: Région
A2: 1000 | B2: Bourg En Bresse | C2: =LEFT(TEXT(A2,"00000"),2) -> 01 | D2: Ain | E2: =VLOOKUP($C2,cp!$A$1:$E$102,3,FALSE) -> Auvergne-Rhône-Alpes
A3: 1000 | B3: Bourg En Bresse | C3: =LEFT(TEXT(A3,"00000"),2) -> 01 | D3: =VLOOKUP($C3,cp!$A$1:$E$102,2,FALSE) -> Ain | E3: =VLOOKUP($C3,cp!$A$1:$E$102,3,FALSE) -> Auvergne-Rhône-Alpes
A4: 1000 | B4: Bourg En Bresse | C4: =LEFT(TEXT(A4,"00000"),2) -> 01 | D4: =VLOOKUP($C4,cp!$A$1:$E$102,2,FALSE) -> Ain | E4: =VLOOKUP($C4,cp!$A$1:$E$102,3,FALSE) -> Auvergne-Rhône-Alpes
A5: 1000 | B5: Bourg En Bresse | C5: =LEFT(TEXT(A5,"00000"),2) -> 01 | D5: =VLOOKUP($C5,cp!$A$1:$E$102,2,FALSE) -> Ain | E5: =VLOOKUP($C5,cp!$A$1:$E$102,3,FALSE) -> Auvergne-Rhône-Alpes
A6: 1000 | B6: Saint Denis Lès Bourg | C6: =LEFT(TEXT(A6,"00000"),2) -> 01 | D6: =VLOOKUP($C6,cp!$A$1:$E$102,2,FALSE) -> Ain | E6: =VLOOKUP($C6,cp!$A$1:$E$102,3,FALSE) -> Auvergne-Rhône-Alpes
A7: 1000 | B7: Bourg En Bresse | C7: =LEFT(TEXT(A7,"00000"),2) -> 01 | D7: =VLOOKUP($C7,cp!$A$1:$E$102,2,FALSE) -> Ain | E7: =VLOOKUP($C7,cp!$A$1:$E$102,3,FALSE) -> Auvergne-Rhône-Alpes
A8: 1000 | B8: Bourg En Bresse | C8: =LEFT(TEXT(A8,"00000"),2) -> 01 | D8: =VLOOKUP($C8,cp!$A$1:$E$102,2,FALSE) -> Ain | E8: =VLOOKUP($C8,cp!$A$1:$E$102,3,FALSE) -> Auvergne-Rhône-Alpes
A9: 1000 | B9: Bourg En Bresse | C9: =LEFT(TEXT(A9,"00000"),2) -> 01 | D9: =VLOOKUP($C9,cp!$A$1:$E$102,2,FALSE) -> Ain | E9: =VLOOKUP($C9,cp!$A$1:$E$102,3,FALSE) -> Auvergne-Rhône-Alpes
A10: 1000 | B10: Bourg En Bresse | C10: =LEFT(TEXT(A10,"00000"),2) -> 01 | D10: =VLOOKUP($C10,cp!$A$1:$E$102,2,FALSE) -> Ain | E10: =VLOOKUP($C10,cp!$A$1:$E$102,3,FALSE) -> Auvergne-Rhône-Alpes
A11: 1000 | B11: Bourg En Bresse | C11: =LEFT(TEXT(A11,"00000"),2) -> 01 | D11: =VLOOKUP($C11,cp!$A$1:$E$102,2,FALSE) -> Ain | E11: =VLOOKUP($C11,cp!$A$1:$E$102,3,FALSE) -> Auvergne-Rhône-Alpes
A12: 1000 | B12: Bourg En Bresse | C12: =LEFT(TEXT(A12,"00000"),2) -> 01 | D12: =VLOOKUP($C12,cp!$A$1:$E$102,2,FALSE) -> Ain | E12: =VLOOKUP($C12,cp!$A$1:$E$102,3,FALSE) -> Auvergne-Rhône-Alpes
A13: 1000 | B13: Bourg En Bresse | C13: =LEFT(TEXT(A13,"00000"),2) -> 01 | D13: =VLOOKUP($C13,cp!$A$1:$E$102,2,FALSE) -> Ain | E13: =VLOOKUP($C13,cp!$A$1:$E$102,3,FALSE) -> Auvergne-Rhône-Alpes
A14: 1000 | B14: Bourg En Bresse | C14: =LEFT(TEXT(A14,"00000"),2) -> 01 | D14: =VLOOKUP($C14,cp!$A$1:$E$102,2,FALSE) -> Ain | E14: =VLOOKUP($C14,cp!$A$1:$E$102,3,FALSE) -> Auvergne-Rhône-Alpes
... A1895: 12700 | B1895: Capdenac Gare | C1895: =LEFT(TEXT(A1895,"00000"),2) -> 12 | D1895: =VLOOKUP($C1895,cp!$A$1:$E$102,2,FALSE) -> Aveyron | E1895: =VLOOKUP($C1895,cp!$A$1:$E$102,3,FALSE) -> Occitanie
A1896: 12740 | C1896: =LEFT(TEXT(A1896,"00000"),2) -> 12 | D1896: =VLOOKUP($C1896,cp!$A$1:$E$102,2,FALSE) -> Aveyron | E1896: =VLOOKUP($C1896,cp!$A$1:$E$102,3,FALSE) -> Occitanie
A1897: 12780 | B1897: Vézins De Lévézou | C1897: =LEFT(TEXT(A1897,"00000"),2) -> 12 | D1897: =VLOOKUP($C1897,cp!$A$1:$E$102,2,FALSE) -> Aveyron | E1897: =VLOOKUP($C1897,cp!$A$1:$E$102,3,FALSE) -> Occitanie
A1898: 12800 | B1898: Naucelle | C1898: =LEFT(TEXT(A1898,"00000"),2) -> 12 | D1898: =VLOOKUP($C1898,cp!$A$1:$E$102,2,FALSE) -> Aveyron | E1898: =VLOOKUP($C1898,cp!$A$1:$E$102,3,FALSE) -> Occitanie
A1899: 12800 | B1899: Sauveterre De Rouergue | C1899: =LEFT(TEXT(A1899,"00000"),2) -> 12 | D1899: =VLOOKUP($C1899,cp!$A$1:$E$102,2,FALSE) -> Aveyron | E1899: =VLOOKUP($C1899,cp!$A$1:$E$102,3,FALSE) -> Occitanie
A1900: 12850 | B1900: Onet Le Château | C1900: =LEFT(TEXT(A1900,"00000"),2) -> 12 | D1900: =VLOOKUP($C1900,cp!$A$1:$E$102,2,FALSE) -> Aveyron | E1900: =VLOOKUP($C1900,cp!$A$1:$E$102,3,FALSE) -> Occitanie
A1901: 12850 | B1901: Onet Le Chateau | C1901: =LEFT(TEXT(A1901,"00000"),2) -> 12 | D1901: =VLOOKUP($C1901,cp!$A$1:$E$102,2,FALSE) -> Aveyron | E1901: =VLOOKUP($C1901,cp!$A$1:$E$102,3,FALSE) -> Occitanie
A1902: 12850 | B1902: Onet Le Chateau | C1902: =LEFT(TEXT(A1902,"00000"),2) -> 12 | D1902: =VLOOKUP($C1902,cp!$A$1:$E$102,2,FALSE) -> Aveyron | E1902: =VLOOKUP($C1902,cp!$A$1:$E$102,3,FALSE) -> Occitanie
A1903: 12850 | B1903: Onet Le Chateau | C1903: =LEFT(TEXT(A1903,"00000"),2) -> 12 | D1903: =VLOOKUP($C1903,cp!$A$1:$E$102,2,FALSE) -> Aveyron | E1903: =VLOOKUP($C1903,cp!$A$1:$E$102,3,FALSE) -> Occitanie
A1904: 12850 | B1904: Onet Le Chateau | C1904: =LEFT(TEXT(A1904,"00000"),2) -> 12 | D1904: =VLOOKUP($C1904,cp!$A$1:$E$102,2,FALSE) -> Aveyron | E1904: =VLOOKUP($C1904,cp!$A$1:$E$102,3,FALSE) -> Occitanie
A1905: 12850 | B1905: Onet Le Château | C1905: =LEFT(TEXT(A1905,"00000"),2) -> 12 | D1905: =VLOOKUP($C1905,cp!$A$1:$E$102,2,FALSE) -> Aveyron | E1905: =VLOOKUP($C1905,cp!$A$1:$E$102,3,FALSE) -> Occitanie
A1906: 13000 | B1906: Marseille | C1906: =LEFT(TEXT(A1906,"00000"),2) -> 13 | D1906: =VLOOKUP($C1906,cp!$A$1:$E$102,2,FALSE) -> Bouches du Rhône | E1906: =VLOOKUP($C1906,cp!$A$1:$E$102,3,FALSE) -> Provence-Alpes-Côte d'Azur
A1907: 13000 | B1907: Marseille | C1907: =LEFT(TEXT(A1907,"00000"),2) -> 13 | D1907: =VLOOKUP($C1907,cp!$A$1:$E$102,2,FALSE) -> Bouches du Rhône | E1907: =VLOOKUP($C1907,cp!$A$1:$E$102,3,FALSE) -> Provence-Alpes-Côte d'Azur
A1908: 13000 | B1908: Marseille | C1908: =LEFT(TEXT(A1908,"00000"),2) -> 13 | D1908: =VLOOKUP($C1908,cp!$A$1:$E$102,2,FALSE) -> Bouches du Rhône | E1908: =VLOOKUP($C1908,cp!$A$1:$E$102,3,FALSE) -> Provence-Alpes-Côte d'Azur
... A6002: 31106 | B6002: Toulouse Cedex 1 | C6002: =LEFT(TEXT(A6002,"00000"),2) -> 31 | D6002: =VLOOKUP($C6002,cp!$A$1:$E$102,2,FALSE) -> Haute-Garonne | E6002: =VLOOKUP($C6002,cp!$A$1:$E$102,3,FALSE) -> Occitanie
A6003: 31110 | C6003: =LEFT(TEXT(A6003,"00000"),2) -> 31 | D6003: =VLOOKUP($C6003,cp!$A$1:$E$102,2,FALSE) -> Haute-Garonne | E6003: =VLOOKUP($C6003,cp!$A$1:$E$102,3,FALSE) -> Occitanie
A6004: 31110 | B6004: Bagnères De Luchon | C6004: =LEFT(TEXT(A6004,"00000"),2) -> 31 | D6004: =VLOOKUP($C6004,cp!$A$1:$E$102,2,FALSE) -> Haute-Garonne | E6004: =VLOOKUP($C6004,cp!$A$1:$E$102,3,FALSE) -> Occitanie
A6005: 31110 | B6005: Bagneres De Luchon | C6005: =LEFT(TEXT(A6005,"00000"),2) -> 31 | D6005: =VLOOKUP($C6005,cp!$A$1:$E$102,2,FALSE) -> Haute-Garonne | E6005: =VLOOKUP($C6005,cp!$A$1:$E$102,3,FALSE) -> Occitanie
A6006: 31120 | B6006: Portet Sur Garonne | C6006: =LEFT(TEXT(A6006,"00000"),2) -> 31 | D6006: =VLOOKUP($C6006,cp!$A$1:$E$102,2,FALSE) -> Haute-Garonne | E6006: =VLOOKUP($C6006,cp!$A$1:$E$102,3,FALSE) -> Occitanie
A6007: 31120 | B6007: Roques Sur Garonne | C6007: =LEFT(TEXT(A6007,"00000"),2) -> 31 | D6007: =VLOOKUP($C6007,cp!$A$1:$E$102,2,FALSE) -> Haute-Garonne | E6007: =VLOOKUP($C6007,cp!$A$1:$E$102,3,FALSE) -> Occitanie
A6008: 31120 | B6008: Roques Sur Garonne | C6008: =LEFT(TEXT(A6008,"00000"),2) -> 31 | D6008: =VLOOKUP($C6008,cp!$A$1:$E$102,2,FALSE) -> Haute-Garonne | E6008: =VLOOKUP($C6008,cp!$A$1:$E$102,3,FALSE) -> Occitanie
A6009: 31120 | B6009: Lacroix Falgarde | C6009: =LEFT(TEXT(A6009,"00000"),2) -> 31 | D6009: =VLOOKUP($C6009,cp!$A$1:$E$102,2,FALSE) -> Haute-Garonne | E6009: =VLOOKUP($C6009,cp!$A$1:$E$102,3,FALSE) -> Occitanie
A6010: 31120 | B6010: Roques Sur Garonne | C6010: =LEFT(TEXT(A6010,"00000"),2) -> 31 | D6010: =VLOOKUP($C6010,cp!$A$1:$E$102,2,FALSE) -> Haute-Garonne | E6010: =VLOOKUP($C6010,cp!$A$1:$E$102,3,FALSE) -> Occitanie
A6011: 31120 | B6011: Lacroix Falgarde | C6011: =LEFT(TEXT(A6011,"00000"),2) -> 31 | D6011: =VLOOKUP($C6011,cp!$A$1:$E$102,2,FALSE) -> Haute-Garonne | E6011: =VLOOKUP($C6011,cp!$A$1:$E$102,3,FALSE) -> Occitanie
A6012: 31120 | B6012: Portet Sur Garonne | C6012: =LEFT(TEXT(A6012,"00000"),2) -> 31 | D6012: =VLOOKUP($C6012,cp!$A$1:$E$102,2,FALSE) -> Haute-Garonne | E6012: =VLOOKUP($C6012,cp!$A$1:$E$102,3,FALSE) -> Occitanie
A6013: 31120 | B6013: Pinsaguel | C6013: =LEFT(TEXT(A6013,"00000"),2) -> 31 | D6013: =VLOOKUP($C6013,cp!$A$1:$E$102,2,FALSE) -> Haute-Garonne | E6013: =VLOOKUP($C6013,cp!$A$1:$E$102,3,FALSE) -> Occitanie
A6014: 31120 | B6014: Roquettes | C6014: =LEFT(TEXT(A6014,"00000"),2) -> 31 | D6014: =VLOOKUP($C6014,cp!$A$1:$E$102,2,FALSE) -> Haute-Garonne | E6014: =VLOOKUP($C6014,cp!$A$1:$E$102,3,FALSE) -> Occitanie
A6015: 31130 | B6015: Balma | C6015: =LEFT(TEXT(A6015,"00000"),2) -> 31 | D6015: =VLOOKUP($C6015,cp!$A$1:$E$102,2,FALSE) -> Haute-Garonne | E6015: =VLOOKUP($C6015,cp!$A$1:$E$102,3,FALSE) -> Occitanie
... A9666: 44350 | B9666: Guérande | C9666: =LEFT(TEXT(A9666,"00000"),2) -> 44 | D9666: =VLOOKUP($C9666,cp!$A$1:$E$102,2,FALSE) -> Loire-Atlantique | E9666: =VLOOKUP($C9666,cp!$A$1:$E$102,3,FALSE) -> Pays-de-la-Loire
A9667: 44350 | C9667: =LEFT(TEXT(A9667,"00000"),2) -> 44 | D9667: =VLOOKUP($C9667,cp!$A$1:$E$102,2,FALSE) -> Loire-Atlantique | E9667: =VLOOKUP($C9667,cp!$A$1:$E$102,3,FALSE) -> Pays-de-la-Loire
A9668: 44350 | B9668: Saint Molf | C9668: =LEFT(TEXT(A9668,"00000"),2) -> 44 | D9668: =VLOOKUP($C9668,cp!$A$1:$E$102,2,FALSE) -> Loire-Atlantique | E9668: =VLOOKUP($C9668,cp!$A$1:$E$102,3,FALSE) -> Pays-de-la-Loire
A9669: 44350 | B9669: Guérande | C9669: =LEFT(TEXT(A9669,"00000"),2) -> 44 | D9669: =VLOOKUP($C9669,cp!$A$1:$E$102,2,FALSE) -> Loire-Atlantique | E9669: =VLOOKUP($C9669,cp!$A$1:$E$102,3,FALSE) -> Pays-de-la-Loire
A9670: 44350 | B9670: Guérande | C9670: =LEFT(TEXT(A9670,"00000"),2) -> 44 | D9670: =VLOOKUP($C9670,cp!$A$1:$E$102,2,FALSE) -> Loire-Atlantique | E9670: =VLOOKUP($C9670,cp!$A$1:$E$102,3,FALSE) -> Pays-de-la-Loire
A9671: 44350 | B9671: Guérande | C9671: =LEFT(TEXT(A9671,"00000"),2) -> 44 | D9671: =VLOOKUP($C9671,cp!$A$1:$E$102,2,FALSE) -> Loire-Atlantique | E9671: =VLOOKUP($C9671,cp!$A$1:$E$102,3,FALSE) -> Pays-de-la-Loire
A9672: 44360 | B9672: Vigneux De Bretagne | C9672: =LEFT(TEXT(A9672,"00000"),2) -> 44 | D9672: =VLOOKUP($C9672,cp!$A$1:$E$102,2,FALSE) -> Loire-Atlantique | E9672: =VLOOKUP($C9672,cp!$A$1:$E$102,3,FALSE) -> Pays-de-la-Loire
A9673: 44360 | B9673: Vigneux De Bretagne | C9673: =LEFT(TEXT(A9673,"00000"),2) -> 44 | D9673: =VLOOKUP($C9673,cp!$A$1:$E$102,2,FALSE) -> Loire-Atlantique | E9673: =VLOOKUP($C9673,cp!$A$1:$E$102,3,FALSE) -> Pays-de-la-Loire
A9674: 44360 | B9674: Vigneux De Bretagne | C9674: =LEFT(TEXT(A9674,"00000"),2) -> 44 | D9674: =VLOOKUP($C9674,cp!$A$1:$E$102,2,FALSE) -> Loire-Atlantique | E9674: =VLOOKUP($C9674,cp!$A$1:$E$102,3,FALSE) -> Pays-de-la-Loire
A9675: 44360 | B9675: Cordemais | C9675: =LEFT(TEXT(A9675,"00000"),2) -> 44 | D9675: =VLOOKUP($C9675,cp!$A$1:$E$102,2,FALSE) -> Loire-Atlantique | E9675: =VLOOKUP($C9675,cp!$A$1:$E$102,3,FALSE) -> Pays-de-la-Loire
A9676: 44360 | B9676: Saint Etienne De Montluc | C9676: =LEFT(TEXT(A9676,"00000"),2) -> 44 | D9676: =VLOOKUP($C9676,cp!$A$1:$E$102,2,FALSE) -> Loire-Atlantique | E9676: =VLOOKUP($C9676,cp!$A$1:$E$102,3,FALSE) -> Pays-de-la-Loire
A9677: 44360 | B9677: Saint Etienne De Montluc | C9677: =LEFT(TEXT(A9677,"00000"),2) -> 44 | D9677: =VLOOKUP($C9677,cp!$A$1:$E$102,2,FALSE) -> Loire-Atlantique | E9677: =VLOOKUP($C9677,cp!$A$1:$E$102,3,FALSE) -> Pays-de-la-Loire
A9678: 44360 | B9678: Temple De Bretagne (Le) | C9678: =LEFT(TEXT(A9678,"00000"),2) -> 44 | D9678: =VLOOKUP($C9678,cp!$A$1:$E$102,2,FALSE) -> Loire-Atlantique | E9678: =VLOOKUP($C9678,cp!$A$1:$E$102,3,FALSE) -> Pays-de-la-Loire
A9679: 44370 | B9679: Loireauxence | C9679: =LEFT(TEXT(A9679,"00000"),2) -> 44 | D9679: =VLOOKUP($C9679,cp!$A$1:$E$102,2,FALSE) -> Loire-Atlantique | E9679: =VLOOKUP($C9679,cp!$A$1:$E$102,3,FALSE) -> Pays-de-la-Loire
... A19495: 79270 | B19495: Epannes | C19495: =LEFT(TEXT(A19495,"00000"),2) -> 79 | D19495: =VLOOKUP($C19495,cp!$A$1:$E$102,2,FALSE) -> Deux-Sèvres | E19495: =VLOOKUP($C19495,cp!$A$1:$E$102,3,FALSE) -> Nouvelle Aquitaine
A19496: 79270 | C19496: =LEFT(TEXT(A19496,"00000"),2) -> 79 | D19496: =VLOOKUP($C19496,cp!$A$1:$E$102,2,FALSE) -> Deux-Sèvres | E19496: =VLOOKUP($C19496,cp!$A$1:$E$102,3,FALSE) -> Nouvelle Aquitaine
A19497: 79270 | B19497: Saint Symphorien | C19497: =LEFT(TEXT(A19497,"00000"),2) -> 79 | D19497: =VLOOKUP($C19497,cp!$A$1:$E$102,2,FALSE) -> Deux-Sèvres | E19497: =VLOOKUP($C19497,cp!$A$1:$E$102,3,FALSE) -> Nouvelle Aquitaine
A19498: 79270 | B19498: Frontenay Rohan Rohan | C19498: =LEFT(TEXT(A19498,"00000"),2) -> 79 | D19498: =VLOOKUP($C19498,cp!$A$1:$E$102,2,FALSE) -> Deux-Sèvres | E19498: =VLOOKUP($C19498,cp!$A$1:$E$102,3,FALSE) -> Nouvelle Aquitaine
A19499: 79270 | B19499: Frontenay Rohan Rohan | C19499: =LEFT(TEXT(A19499,"00000"),2) -> 79 | D19499: =VLOOKUP($C19499,cp!$A$1:$E$102,2,FALSE) -> Deux-Sèvres | E19499: =VLOOKUP($C19499,cp!$A$1:$E$102,3,FALSE) -> Nouvelle Aquitaine
A19500: 79290 | B19500: Cersay | C19500: =LEFT(TEXT(A19500,"00000"),2) -> 79 | D19500: =VLOOKUP($C19500,cp!$A$1:$E$102,2,FALSE) -> Deux-Sèvres | E19500: =VLOOKUP($C19500,cp!$A$1:$E$102,3,FALSE) -> Nouvelle Aquitaine
A19501: 79300 | B19501: Terves | C19501: =LEFT(TEXT(A19501,"00000"),2) -> 79 | D19501: =VLOOKUP($C19501,cp!$A$1:$E$102,2,FALSE) -> Deux-Sèvres | E19501: =VLOOKUP($C19501,cp!$A$1:$E$102,3,FALSE) -> Nouvelle Aquitaine
A19502: 79300 | B19502: Bressuire | C19502: =LEFT(TEXT(A19502,"00000"),2) -> 79 | D19502: =VLOOKUP($C19502,cp!$A$1:$E$102,2,FALSE) -> Deux-Sèvres | E19502: =VLOOKUP($C19502,cp!$A$1:$E$102,3,FALSE) -> Nouvelle Aquitaine
A19503: 79300 | B19503: Bressuire | C19503: =LEFT(TEXT(A19503,"00000"),2) -> 79 | D19503: =VLOOKUP($C19503,cp!$A$1:$E$102,2,FALSE) -> Deux-Sèvres | E19503: =VLOOKUP($C19503,cp!$A$1:$E$102,3,FALSE) -> Nouvelle Aquitaine
A19504: 79300 | B19504: Bressuire | C19504: =LEFT(TEXT(A19504,"00000"),2) -> 79 | D19504: =VLOOKUP($C19504,cp!$A$1:$E$102,2,FALSE) -> Deux-Sèvres | E19504: =VLOOKUP($C19504,cp!$A$1:$E$102,3,FALSE) -> Nouvelle Aquitaine
A19505: 79300 | B19505: Bressuire | C19505: =LEFT(TEXT(A19505,"00000"),2) -> 79 | D19505: =VLOOKUP($C19505,cp!$A$1:$E$102,2,FALSE) -> Deux-Sèvres | E19505: =VLOOKUP($C19505,cp!$A$1:$E$102,3,FALSE) -> Nouvelle Aquitaine
A19506: 79300 | B19506: Bressuire | C19506: =LEFT(TEXT(A19506,"00000"),2) -> 79 | D19506: =VLOOKUP($C19506,cp!$A$1:$E$102,2,FALSE) -> Deux-Sèvres | E19506: =VLOOKUP($C19506,cp!$A$1:$E$102,3,FALSE) -> Nouvelle Aquitaine
A19507: 79300 | B19507: Bressuire | C19507: =LEFT(TEXT(A19507,"00000"),2) -> 79 | D19507: =VLOOKUP($C19507,cp!$A$1:$E$102,2,FALSE) -> Deux-Sèvres | E19507: =VLOOKUP($C19507,cp!$A$1:$E$102,3,FALSE) -> Nouvelle Aquitaine
A19508: 79310 | B19508: Verruyes | C19508: =LEFT(TEXT(A19508,"00000"),2) -> 79 | D19508: =VLOOKUP($C19508,cp!$A$1:$E$102,2,FALSE) -> Deux-Sèvres | E19508: =VLOOKUP($C19508,cp!$A$1:$E$102,3,FALSE) -> Nouvelle Aquitaine
... A19666: 80360 | B19666: Combles | C19666: =LEFT(TEXT(A19666,"00000"),2) -> 80 | D19666: =VLOOKUP($C19666,cp!$A$1:$E$102,2,FALSE) -> Somme | E19666: =VLOOKUP($C19666,cp!$A$1:$E$102,3,FALSE) -> Hauts de France
A19667: 80370 | C19667: =LEFT(TEXT(A19667,"00000"),2) -> 80 | D19667: =VLOOKUP($C19667,cp!$A$1:$E$102,2,FALSE) -> Somme | E19667: =VLOOKUP($C19667,cp!$A$1:$E$102,3,FALSE) -> Hauts de France
A19668: 80400 | B19668: Ham | C19668: =LEFT(TEXT(A19668,"00000"),2) -> 80 | D19668: =VLOOKUP($C19668,cp!$A$1:$E$102,2,FALSE) -> Somme | E19668: =VLOOKUP($C19668,cp!$A$1:$E$102,3,FALSE) -> Hauts de France
A19669: 80400 | B19669: Muille Villette | C19669: =LEFT(TEXT(A19669,"00000"),2) -> 80 | D19669: =VLOOKUP($C19669,cp!$A$1:$E$102,2,FALSE) -> Somme | E19669: =VLOOKUP($C19669,cp!$A$1:$E$102,3,FALSE) -> Hauts de France
A19670: 80400 | B19670: Ham | C19670: =LEFT(TEXT(A19670,"00000"),2) -> 80 | D19670: =VLOOKUP($C19670,cp!$A$1:$E$102,2,FALSE) -> Somme | E19670: =VLOOKUP($C19670,cp!$A$1:$E$102,3,FALSE) -> Hauts de France
A19671: 80400 | B19671: Eppeville | C19671: =LEFT(TEXT(A19671,"00000"),2) -> 80 | D19671: =VLOOKUP($C19671,cp!$A$1:$E$102,2,FALSE) -> Somme | E19671: =VLOOKUP($C19671,cp!$A$1:$E$102,3,FALSE) -> Hauts de France
A19672: 80400 | B19672: Ham | C19672: =LEFT(TEXT(A19672,"00000"),2) -> 80 | D19672: =VLOOKUP($C19672,cp!$A$1:$E$102,2,FALSE) -> Somme | E19672: =VLOOKUP($C19672,cp!$A$1:$E$102,3,FALSE) -> Hauts de France
A19673: 80410 | B19673: Cayeux Sur Mer | C19673: =LEFT(TEXT(A19673,"00000"),2) -> 80 | D19673: =VLOOKUP($C19673,cp!$A$1:$E$102,2,FALSE) -> Somme | E19673: =VLOOKUP($C19673,cp!$A$1:$E$102,3,FALSE) -> Hauts de France
A19674: 80410 | B19674: Cayeux Sur Mer | C19674: =LEFT(TEXT(A19674,"00000"),2) -> 80 | D19674: =VLOOKUP($C19674,cp!$A$1:$E$102,2,FALSE) -> Somme | E19674: =VLOOKUP($C19674,cp!$A$1:$E$102,3,FALSE) -> Hauts de France
A19675: 80420 | B19675: Flixecourt | C19675: =LEFT(TEXT(A19675,"00000"),2) -> 80 | D19675: =VLOOKUP($C19675,cp!$A$1:$E$102,2,FALSE) -> Somme | E19675: =VLOOKUP($C19675,cp!$A$1:$E$102,3,FALSE) -> Hauts de France
A19676: 80440 | B19676: Glisy | C19676: =LEFT(TEXT(A19676,"00000"),2) -> 80 | D19676: =VLOOKUP($C19676,cp!$A$1:$E$102,2,FALSE) -> Somme | E19676: =VLOOKUP($C19676,cp!$A$1:$E$102,3,FALSE) -> Hauts de France
A19677: 80440 | B19677: Boves | C19677: =LEFT(TEXT(A19677,"00000"),2) -> 80 | D19677: =VLOOKUP($C19677,cp!$A$1:$E$102,2,FALSE) -> Somme | E19677: =VLOOKUP($C19677,cp!$A$1:$E$102,3,FALSE) -> Hauts de France
A19678: 80440 | B19678: Glisy | C19678: =LEFT(TEXT(A19678,"00000"),2) -> 80 | D19678: =VLOOKUP($C19678,cp!$A$1:$E$102,2,FALSE) -> Somme | E19678: =VLOOKUP($C19678,cp!$A$1:$E$102,3,FALSE) -> Hauts de France
A19679: 80450 | B19679: Camon | C19679: =LEFT(TEXT(A19679,"00000"),2) -> 80 | D19679: =VLOOKUP($C19679,cp!$A$1:$E$102,2,FALSE) -> Somme | E19679: =VLOOKUP($C19679,cp!$A$1:$E$102,3,FALSE) -> Hauts de France
... A21238: 88150 | B21238: Thaon Les Vosges | C21238: =LEFT(TEXT(A21238,"00000"),2) -> 88 | D21238: =VLOOKUP($C21238,cp!$A$1:$E$102,2,FALSE) -> Vosges | E21238: =VLOOKUP($C21238,cp!$A$1:$E$102,3,FALSE) -> Grand Est
A21239: 88150 | C21239: =LEFT(TEXT(A21239,"00000"),2) -> 88 | D21239: =VLOOKUP($C21239,cp!$A$1:$E$102,2,FALSE) -> Vosges | E21239: =VLOOKUP($C21239,cp!$A$1:$E$102,3,FALSE) -> Grand Est
A21240: 88150 | B21240: Capavenir Vosges | C21240: =LEFT(TEXT(A21240,"00000"),2) -> 88 | D21240: =VLOOKUP($C21240,cp!$A$1:$E$102,2,FALSE) -> Vosges | E21240: =VLOOKUP($C21240,cp!$A$1:$E$102,3,FALSE) -> Grand Est
A21241: 88150 | B21241: Thaon Les Vosges | C21241: =LEFT(TEXT(A21241,"00000"),2) -> 88 | D21241: =VLOOKUP($C21241,cp!$A$1:$E$102,2,FALSE) -> Vosges | E21241: =VLOOKUP($C21241,cp!$A$1:$E$102,3,FALSE) -> Grand Est
A21242: 88160 | B21242: Ramonchamp | C21242: =LEFT(TEXT(A21242,"00000"),2) -> 88 | D21242: =VLOOKUP($C21242,cp!$A$1:$E$102,2,FALSE) -> Vosges | E21242: =VLOOKUP($C21242,cp!$A$1:$E$102,3,FALSE) -> Grand Est
A21243: 88160 | B21243: Thillot (Le) | C21243: =LEFT(TEXT(A21243,"00000"),2) -> 88 | D21243: =VLOOKUP($C21243,cp!$A$1:$E$102,2,FALSE) -> Vosges | E21243: =VLOOKUP($C21243,cp!$A$1:$E$102,3,FALSE) -> Grand Est
A21244: 88160 | B21244: Fresse Sur Moselle | C21244: =LEFT(TEXT(A21244,"00000"),2) -> 88 | D21244: =VLOOKUP($C21244,cp!$A$1:$E$102,2,FALSE) -> Vosges | E21244: =VLOOKUP($C21244,cp!$A$1:$E$102,3,FALSE) -> Grand Est
A21245: 88170 | B21245: Vicherey | C21245: =LEFT(TEXT(A21245,"00000"),2) -> 88 | D21245: =VLOOKUP($C21245,cp!$A$1:$E$102,2,FALSE) -> Vosges | E21245: =VLOOKUP($C21245,cp!$A$1:$E$102,3,FALSE) -> Grand Est
A21246: 88170 | B21246: Chatenois | C21246: =LEFT(TEXT(A21246,"00000"),2) -> 88 | D21246: =VLOOKUP($C21246,cp!$A$1:$E$102,2,FALSE) -> Vosges | E21246: =VLOOKUP($C21246,cp!$A$1:$E$102,3,FALSE) -> Grand Est
A21247: 88190 | B21247: Golbey | C21247: =LEFT(TEXT(A21247,"00000"),2) -> 88 | D21247: =VLOOKUP($C21247,cp!$A$1:$E$102,2,FALSE) -> Vosges | E21247: =VLOOKUP($C21247,cp!$A$1:$E$102,3,FALSE) -> Grand Est
A21248: 88190 | B21248: Golbey | C21248: =LEFT(TEXT(A21248,"00000"),2) -> 88 | D21248: =VLOOKUP($C21248,cp!$A$1:$E$102,2,FALSE) -> Vosges | E21248: =VLOOKUP($C21248,cp!$A$1:$E$102,3,FALSE) -> Grand Est
A21249: 88190 | B21249: Golbey | C21249: =LEFT(TEXT(A21249,"00000"),2) -> 88 | D21249: =VLOOKUP($C21249,cp!$A$1:$E$102,2,FALSE) -> Vosges | E21249: =VLOOKUP($C21249,cp!$A$1:$E$102,3,FALSE) -> Grand Est
A21250: 88190 | B21250: Golbey | C21250: =LEFT(TEXT(A21250,"00000"),2) -> 88 | D21250: =VLOOKUP($C21250,cp!$A$1:$E$102,2,FALSE) -> Vosges | E21250: =VLOOKUP($C21250,cp!$A$1:$E$102,3,FALSE) -> Grand Est
A21251: 88200 | B21251: Saint Etienne Les Remiremont | C21251: =LEFT(TEXT(A21251,"00000"),2) -> 88 | D21251: =VLOOKUP($C21251,cp!$A$1:$E$102,2,FALSE) -> Vosges | E21251: =VLOOKUP($C21251,cp!$A$1:$E$102,3,FALSE) -> Grand Est
... A24669: 97823 | B24669: Le Port Cedex | C24669: =LEFT(TEXT(A24669,"00000"),2) -> 97 | D24669: =VLOOKUP($C24669,cp!$A$1:$E$102,2,FALSE) -> DOM-TOM | E24669: =VLOOKUP($C24669,cp!$A$1:$E$102,3,FALSE) -> DOM-TOM

Sheet cp
A1: Numéro | B1: Nom | C1: Région | D1: Ancienne Région | E1: Département
A2: 01 | B2: Ain | C2: Auvergne-Rhône-Alpes | D2: Rhône-Alpes | E2: {=A2 &" - "& B2} -> 01 - Ain
A3: 02 | B3: Aisne | C3: Hauts de France | D3: Picardie | E3: {=A3 &" - "& B3} -> 02 - Aisne
A4: 03 | B4: Allier | C4: Auvergne-Rhône-Alpes | D4: Auvergne | E4: {=A4 &" - "& B4} -> 03 - Allier
A5: 04 | B5: Alpes de Haute-Provence | C5: Provence-Alpes-Côte d'Azur | D5: Provence-Alpes-Côte d'Azur | E5: {=A5 &" - "& B5} -> 04 - Alpes de Haute-Provence
A6: 05 | B6: Hautes-Alpes | C6: Provence-Alpes-Côte d'Azur | D6: Provence-Alpes-Côte d'Azur | E6: {=A6 &" - "& B6} -> 05 - Hautes-Alpes
A7: 06 | B7: Alpes-Maritimes | C7: Provence-Alpes-Côte d'Azur | D7: Provence-Alpes-Côte d'Azur | E7: {=A7 &" - "& B7} -> 06 - Alpes-Maritimes
A8: 07 | B8: Ardèche | C8: Auvergne-Rhône-Alpes | D8: Rhône-Alpes | E8: {=A8 &" - "& B8} -> 07 - Ardèche
A9: 08 | B9: Ardennes | C9: Grand Est | D9: Champagne | E9: {=A9 &" - "& B9} -> 08 - Ardennes
A10: 09 | B10: Ariège | C10: Occitanie | D10: Midi-Pyrénées | E10: =A10 &" - "& B10 -> 09 - Ariège
A11: 10 | B11: Aube | C11: Grand Est | D11: Champagne | E11: {=A11 &" - "& B11} -> 10 - Aube
A12: 11 | B12: Aude | C12: Occitanie | D12: Languedoc | E12: {=A12 &" - "& B12} -> 11 - Aude
A13: 12 | B13: Aveyron | C13: Occitanie | D13: Midi-Pyrénées | E13: {=A13 &" - "& B13} -> 12 - Aveyron
A14: 13 | B14: Bouches du Rhône | C14: Provence-Alpes-Côte d'Azur | D14: Provence-Alpes-Côte d'Azur | E14: {=A14 &" - "& B14} -> 13 - Bouches du Rhône
A15: 14 | B15: Calvados | C15: Normandie | D15: Basse-Normandie | E15: {=A15 &" - "& B15} -> 14 - Calvados
A16: 15 | B16: Cantal | C16: Auvergne-Rhône-Alpes | D16: Auvergne | E16: {=A16 &" - "& B16} -> 15 - Cantal
A17: 16 | B17: Charente | C17: Nouvelle Aquitaine | D17: Poitou-Charente | E17: {=A17 &" - "& B17} -> 16 - Charente
A18: 17 | B18: Charente Maritime | C18: Nouvelle Aquitaine | D18: Poitou-Charente | E18: {=A18 &" - "& B18} -> 17 - Charente Maritime
A19: 18 | B19: Cher | C19: Centre-Val de Loire | D19: Centre | E19: {=A19 &" - "& B19} -> 18 - Cher
A20: 19 | B20: Corrèze | C20: Nouvelle Aquitaine | D20: Limousin | E20: {=A20 &" - "& B20} -> 19 - Corrèze
A21: 21 | B21: Côte d'Or | C21: Bourgogne-Franche-Comté | D21: Bourgogne | E21: {=A21 &" - "& B21} -> 21 - Côte d'Or
A22: 22 | B22: Côtes d'Armor | C22: Bretagne | D22: Bretagne | E22: {=A22 &" - "& B22} -> 22 - Côtes d'Armor
... A95: 95 | B95: Val-d'Oise | C95: Ile-de-France | D95: Ile-de-France | E95: {=A95 &" - "& B95} -> 95 - Val-d'Oise
A96: 97 | B96: DOM-TOM | C96: DOM-TOM | E96: {=A96 &" - "& B96} -> 97 - DOM-TOM
A97: CH | B97: Suisse | C97: Suisse | E97: {=A97 &" - "& B97} -> CH - Suisse
A98: QC | B98: Québec | C98: Québec | E98: {=A98 &" - "& B98} -> QC - Québec
A99: IT | B99: Italie | C99: Italie | E99: {=A99 &" - "& B99} -> IT - Italie
A100: BE | B100: Belgique | C100: Belgique | E100: {=A100 &" - "& B100} -> BE - Belgique
B101: Corse du Sud | C101: Corse | D101: Corse | E101: {=A101 &" - "& B101} -> - Corse du Sud
B102: Haute-Corse | C102: Corse | D102: Corse | E102: {=A102 &" - "& B102} -> - Haute-Corse
